 Seeded DCSS version 0.30.1-3-gfc49f6343a (webtiles) character file.

Game seed: 4840754667676823100 (custom seed)

53 CInkIbrahim the Covered (level 4, 35/35 HPs)
             Began as a Formicid Fighter on July 25, 2023.
             Quit the game on level 2 of the Dungeon.
             The game lasted 00:01:24 (1434 turns).

CInkIbrahim the Covered (Formicid Fighter)          Turns: 1434, Time: 00:01:25

Health: 35/35      AC: 11    Str: 23    XL:     4   Next: 11%
Magic:  4/4        EV:  9    Int:  7    God:
Gold:   72         SH:  5    Dex: 13    Spells: 3/3 levels left

rFire   . . .        a - +0 trident
rCold   + . .        c - +0 buckler
rNeg    . . .        b - +0 scale mail
rPois   .            (helmet unavailable)
rElec   .            (no cloak)
rCorr   .            (no gloves)
SInv    +            n - +3 pair of mountain boots {steadfast, rC+}
Will    .....        (no amulet) Stlth
                     (no ring)
HPRegen 0.25/turn    (no ring)
MPRegen 0.09/turn

%: no passive effects
@: no status effects
A: permanent stasis, dig shafts and tunnels, antennae 3, four strong arms
a: Dig, Shaft Self


You were on level 2 of the Dungeon.
You visited 1 branch of the dungeon, and saw 2 of its levels.

You collected 72 gold pieces.

Inventory:

Hand Weapons
 a - a +0 trident (weapon)
Armour
 b - a +0 scale mail (worn)
 c - a +0 buckler (worn)
 n - the +3 pair of mountain boots (worn) {steadfast, rC+}
   (You acquired it on level 1 of the Dungeon)

   Steadfast: It prevents involuntary movement, except for blinking,
   teleportation, or banishment.
   rC:        It protects you from cold.
Jewellery
 p - a +4 ring of protection
 s - a ring of fire
Scrolls
 f - 4 scrolls of identify {unknown}
 g - a scroll of amnesia {unknown}
 i - a scroll of torment {unknown}
 j - a scroll of fog {unknown}
 k - 3 scrolls of fear {unknown}
 o - a scroll of acquirement
 r - a scroll of blinking {unknown}
 t - a scroll of enchant armour {unknown}
Potions
 d - a potion of might
 e - a potion of curing {unknown}
 h - 2 potions of degeneration {unknown}
 l - a potion of mutation {unknown}
 m - a potion of flight {unknown}
 q - 2 potions of heal wounds {unknown}


   Skills:
 - Level 3.2 Fighting
 + Level 2.6 Polearms
 - Level 4.7 Armour
 - Level 4.0 Shields


You had 3 spell levels left.
You didn't know any spells.
Your spell library contained the following spells:

 Spells                   Type           Power      Damage    Failure   Level
 Necrotise                Necr           0%         1d4       80%         1
 Lesser Beckoning         Tloc           0%         N/A       90%         2
 Momentum Strike          Conj/Tloc      0%         3d8       90%         2
 Vampiric Draining        Necr           0%         2d6       99%         3
 Agony                    Necr           0%         N/A       100%        5
 Blink                    Tloc           Unusable   N/A       N/A         2

Dungeon Overview and Level Annotations

Branches:
Dungeon (2/15)

Altars:


Innate Abilities, Weirdness & Mutations

You cannot be hasted, slowed, berserked, paralysed or teleported.
You can dig through walls and to a lower floor.
You have a pair of large antennae on your head. (SInv)
Your four strong arms can wield two-handed weapons with a shield.


Message History

No target in view!
There is an open door here.
There is an open door here.
There is a large open door here.
There is a large open door here.
As you open the door, it creaks loudly!
No target in view!
There is an open door here.
As you open the door, it creaks loudly!
Found 5 stones and 12 gold pieces.
No target in view!
There is an open door here.
You see here 5 stones.
You now have 72 gold pieces (gained 12).
You see here 5 stones.
You open the door.
There is an open door here.
Done exploring.
No target in view!
Done exploring.
No target in view!
Done exploring.
No target in view!
Done exploring.
No target in view!
Done exploring.
No target in view!
Done exploring.
No target in view!
Done exploring.
No target in view!
Done exploring.
No target in view!
Done exploring.
No target in view!
Done exploring.
No target in view!
Done exploring.
No target in view!
Are you sure you want to abandon this character and quit the game? (Confirm with "yes".)

#....# #.##...##..
#....####.#.)...#..
#......##.#.....#..
####(..##.#.....###
#...##.#....<...
###...##.#.<..###[
#.'...'..'†...'...
#.#...#.##....####
#@#...#.##....#
#.#...#.##########
#.#####.#>........
#.# #.#.########
#.# #......[....
#.#######.#######.
#.........### ##
########....## #
#.##..### #


There were no monsters in sight!

Vanquished Creatures
  A gnoll (D:1)
  A worm (D:2)
  2 dart slugs
  3 ball pythons
  An endoplasm (D:2)
  4 goblins
  3 hobgoblins (D:1)
  4 kobolds (D:1)
  5 quokkas
  4 bats
  4 frilled lizards
  3 rats (D:1)
35 creatures vanquished.

Notes
Turn   | Place    | Note
-------+----------+-------------------------------------------
     0 | D:1      | CInkIbrahim the Formicid Fighter began the quest for the
                  | Orb.
     0 | D:1      | Reached XP level 1. HP: 18/18 MP: 1/1
   155 | D:1      | Reached XP level 2. HP: 24/24 MP: 2/2
   387 | D:1      | Reached XP level 3. HP: 22/29 MP: 3/3
   806 | D:1      | Identified a scroll of acquirement
   806 | D:1      | Acquired the +3 pair of mountain boots {steadfast, rC+}
   806 | D:1      | Found the +3 pair of mountain boots {steadfast, rC+}
  1200 | D:2      | Reached XP level 4. HP: 35/35 MP: 4/4
  1434 | D:2      | Quit the game

Illustrated notes

Levels and vault maps discovered:
D:1:      tarquinn_simple_flora_water_f, layout_basic
D:2:      layout_basic

Skill      XL: |  1  2 |
---------------+-------+-----
Armour         | 4 |  4.7
Fighting       | |  3.2
Polearms       | |  2.6
Shields        | |  4.0

Action                     |  1- 3 |  4- 6 || total
---------------------------+-------+-------++-------
  Melee: Trident           |   101 |    16 ||   117
    Use: Scroll            |     1 |       ||     1
 Armour: Scale mail        |    38 |    11 ||    49
  Dodge: Dodged            |    21 |     8 ||    29
  Block: Buckler           |    27 |     3 ||    30
